 Dungeon Crawl Stone Soup version 0.19.5 (webtiles) character file.

681 Keye the Firebug (level 7, -9/36 HPs)
             Began as a Deep Elf Fire Elementalist on May 9, 2017.
             Mangled by an ice beast (16 damage)
             ... on level 6 of the Dungeon.
             The game lasted 00:15:46 (4151 turns).

Keye the Firebug (Deep Elf Fire Elementalist)       Turns: 4151, Time: 00:15:47

Health: -9/36      AC:  6    Str:  5    XL:     7   Next: 34%
Magic:  4/13       EV: 13    Int: 22    God:
Gold:   210        SH:  0    Dex: 15    Spells: 4 memorised, 1 level left

rFire  + . .     SeeInvis +     B - staff of earth
rCold  x . .     Gourm    .     a - +0 robe
rNeg   . . .     Faith    .     (no shield)
rPois  .         Spirit   .     (no helmet)
rElec  .         Reflect  .     (no cloak)
rCorr  .         Harm     .     v - +1 pair of gloves
MR     .....                    g - +1 pair of boots
Stlth  ++........               l - amulet of regeneration
                                t - ring of fire
                                s - ring of see invisible

@: no status effects
A: no striking features
a: no special abilities


You were on level 6 of the Dungeon.
You were very hungry.

You visited 2 branches of the dungeon, and saw 7 of its levels.

You collected 210 gold pieces.

Inventory:

Hand Weapons
 n - a +0 dagger
 o - a +0 dagger of venom
 D - a +2 dire flail of holy wrath
Armour
 a - a +0 robe (worn)
 d - a +0 pair of gloves
 g - a +1 pair of boots (worn)
 v - a +1 pair of gloves (worn)
Magical Staves
 B - an uncursed staff of earth (weapon)
Jewellery
 l - an amulet of regeneration (around neck)
 s - a ring of see invisible (left hand)
 t - a ring of fire (right hand)
 x - a +6 ring of protection {unknown}
Scrolls
 e - 6 scrolls of identify {unknown}
 f - a scroll of immolation {unknown}
 h - 7 scrolls of remove curse {unknown}
 j - a scroll of fear {unknown}
 m - 2 scrolls of recharging {unknown}
 p - a scroll of fog {unknown}
 q - a scroll of enchant weapon {unknown}
 u - a scroll of amnesia {unknown}
 w - a scroll of enchant armour {unknown}
 y - a scroll of noise {unknown}
 E - a scroll of random uselessness {unknown}
Potions
 i - a potion of mutation {unknown}
 k - a potion of flight {unknown}
 r - a potion of heal wounds {unknown}
 z - a potion of cancellation {unknown}
 A - a potion of curing {unknown}
Books
 b - a book of Flames

   Spells                             Type                      Level
   a - Flame Tongue                   Conjuration/Fire             1
   b - Throw Flame                    Conjuration/Fire             2
   c - Conjure Flame                  Conjuration/Fire             3
   d - Inner Flame                    Hexes/Fire                   3
   e - Sticky Flame                   Conjuration/Fire             4
   f - Fireball                       Conjuration/Fire             5
Comestibles
 c - 2 bread rations
 C - a slice of pizza
 F - a meat ration


   Skills:
 + Level 3.0 Dodging
 - Level 2.4 Stealth
 - Level 3.0 Spellcasting
 + Level 5.1 Conjurations
 * Level 7.7 Fire Magic


You had one spell level left.
You knew the following spells:

 Your Spells              Type           Power        Failure   Level  Hunger
a - Flame Tongue          Conj/Fire      #####        1%          1    None
b - Throw Flame           Conj/Fire      #####.       1%          2    ##.....
c - Conjure Flame         Conj/Fire      #####...     2%          3    ###....
d - Fireball              Conj/Fire      #####.....   28%         5    ######.


Dungeon Overview and Level Annotations

Branches:
Dungeon (6/15)             Temple (1/1) D:4

Altars:
Ashenzari
Dithmenos
Elyvilon
Fedhas
Gozag
Hepliaklqana
Kikubaaqudgha
Nemelex Xobeh
Qazlal
Ru
Sif Muna
Trog
Uskayaw
Xom
Yredelemnul
Zin

Shops:
D:4 (


Message History

The orc wizard gestures at you while chanting.
The magic dart hits you! The ice beast barely misses you.
You climb downwards.
An ogre comes into view. It is wielding a giant spiked club.
Found a short sword, a metal-bound book and a scroll labeled AJAXYG XAJAC.
There is a stone staircase leading up here.
Casting: Flame Tongue
Confirm with . or Enter, or press ? or * to list all spells.
Aiming: Flame Tongue
Press: ? - help, Shift-Dir - straight line, f - ice beast
Aim: an ice beast (severely wounded)
You feel a surge of power!
The flame tongue misses the ice beast.
The orc wizard points at you and mumbles some strange words.
The magic dart hits you!
* * * LOW HITPOINT WARNING * * *
The ice beast hits you but does no damage.
The ice beast hits you.
* * * LOW HITPOINT WARNING * * *
The ice beast freezes you!
You feel a terrible chill!
You die...

..... ..<. #....
#..... #....
....( ###....
...#### ....:..
.......
.......##.......
#.....#........
#.....@Y#......
........o.......
##.##...#...###.
##....###
......O
##......#
#.......
...?...#. #.#..
....


You could see an ice beast, an ogre (sleeping) and an orc wizard (invisible).

Vanquished Creatures
  An ogre (D:5)
  A centaur (D:5)
  Blork the orc (D:5)
  2 scorpions
  A howler monkey (D:4)
  A hound (D:5)
  A jelly (D:5)
  2 orc wizards (D:3)
  A hound skeleton (D:4)
  A worker ant zombie (D:5)
  7 gnolls
  4 adders (D:2)
  2 worms
  A dart slug (D:2)
  2 leopard geckos
  9 orcs
  3 ball pythons
  A giant cockroach (D:2)
  7 goblins
  8 hobgoblins
  7 jackals
  2 kobolds
  3 quokkas
  3 bats
  5 frilled lizards
  A quokka skeleton (D:4)
  12 rats
89 creatures vanquished.

Notes
Turn   | Place    | Note
-------+----------+-------------------------------------------
     0 | D:1      | Keye the Deep Elf Fire Elementalist began the quest for the Orb.
     0 | D:1      | Reached XP level 1. HP: 10/10 MP: 6/6
   234 | D:1      | Reached XP level 2. HP: 13/15 MP: 5/8
   330 | D:1      | Learned a level 2 spell: Throw Flame
   903 | D:2      | Reached skill level 4 in Fire Magic
  1049 | D:2      | Reached XP level 3. HP: 19/19 MP: 5/9
  1148 | D:2      | Learned a level 3 spell: Conjure Flame
  1325 | D:2      | Reached XP level 4. HP: 19/24 MP: 5/10
  1601 | D:2      | Reached skill level 5 in Fire Magic
  2293 | D:3      | Reached XP level 5. HP: 28/28 MP: 4/11
  2738 | D:3      | Found a deep blue altar of Sif Muna.
  2758 | D:3      | Found a shimmering altar of Xom.
  2759 | D:3      | Found a glowing silver altar of Zin.
  2820 | D:4      | Found Yheghuo's Weapon Shop.
  2826 | D:4      | Reached skill level 6 in Fire Magic
  3201 | D:4      | Reached XP level 6. HP: 25/32 MP: 7/12
  3290 | D:4      | Found a staircase to the Ecumenical Temple.
  3309 | Temple   | Entered the Ecumenical Temple
  3548 | D:5      | Entered Level 5 of the Dungeon
  3691 | D:5      | Reached skill level 7 in Fire Magic
  3752 | D:5      | Learned a level 5 spell: Fireball
  3786 | D:5      | Reached XP level 7. HP: 25/36 MP: 4/13
  3862 | D:5      | Noticed Blork the orc
  3972 | D:5      | Killed Blork the orc
  4099 | D:5      | Reached skill level 5 in Conjurations
  4151 | D:6      | Mangled by an ice beast

Skill      XL: |  1  2  3  4  5  6  7 |
---------------+----------------------+-----
Conjurations   | 2 3 4 5 |  5.1
Fire Magic     | 4 5 6 7 |  7.7
Dodging        | 3 |  3.0
Stealth        | |  2.4
Spellcasting   | |  3.0

Action                   |  1- 3 |  4- 6 |  7- 9 || total
-------------------------+-------+-------+-------++-------
Melee: Unarmed           |     3 |       |       ||     3
       Dagger            |       |    14 |       ||    14
       Staff             |       |    10 |       ||    10
 Cast: Flame Tongue      |    53 |    71 |    17 ||   141
       Throw Flame       |     8 |    21 |     8 ||    37
       Conjure Flame     |     1 |       |     1 ||     2
 Stab: Sleeping          |       |     1 |       ||     1
  Eat: Chunk             |     1 |     9 |       ||    10
Armor: Robe              |     4 |     7 |     1 ||    12
Dodge: Dodged            |    20 |    35 |     4 ||    59
